AoeStats
← Fırtına

Arena

510965382Analyzed
4v4 RM · 15h ago on Oct 3, 2026· 14m 38s· 8 players
Game mode
Random Map
Map size
Large (8 player)
Population
200
Speed
Normal
Resources
Standard
Victory
Conquest
Starting age
Dark Age
Ending age
Imperial Age
RankedLock teamsTeams togetherTeam positionsShared explorationLock speedFull tech treeHidden civsTurbo modeCheats
Victory
Defeat
🇹🇷 Cumans · Türkiye
1309
+13
🇨🇳 Armenians · China
1157
+19
🇹🇷 Khmer · Türkiye
1147
+19
🇨🇳 Spanish · China
1140
+19
🇹🇷 Celts · Türkiye
1242
-18
🇨🇳 Mongols · China
1226
-18
🇲🇳 Khmer · Mongolia
1208
-17
🇪🇸 Sicilians · Spain
1206
-17
XYHHY
1:44 Loom
12:45 Feudal Age
16:00 Castle Age
n13s
5:15 Loom
Hawx
10:56 Feudal Age
15:44 Castle Age
CNZS_carlar
9:58 Feudal Age
13:50 Castle Age
13:35 Horse Collar
cezinem
10:58 Feudal Age
13:05 Bloodlines
lxc
10:31 Feudal Age
10:38 Man-at-Arms
13:44 Long Swordsman
14:20 Double-Bit Axe
14:43 Loom
137@Ark
10:05 Feudal Age
14:01 Loom
16:20 Castle Age
Fırtına
10:00 Feudal Age
11:27 Double-Bit Axe
14:02 Horse Collar
Connection lost

Rejoining the realm…

Still unreachable

The connection could not be restored.

Session expired

The server has moved on; the page needs a fresh start.